| TOP OF THE 1ST |
|
Amarillo ThunderHeads batting - Pitching for Portland Angels : RHP Jim Sawicki
|
|
Pitching: RHP Jim Sawicki
|
|
|
Batting: SHB Zack Barton
|
0-0: Fly out, F8 (Line Drive, 89M, EV 93.8 MPH)
|
|
Batting: RHB Ron Squires
|
0-0: SINGLE (Line Drive, 6D, EV 98.1 MPH)
|
|
Batting: RHB Jerry Foster
|
0-0: Ball Ron Squires steals 2nd base (no throw) 1-0: Ball 2-0: Called Strike 2-1: Fly out, F7 (Flyball, 78XD, EV 87.5 MPH) Runner from 2nd tags up, SAFE at 3rd, no throw by LF
|
|
Batting: RHB Elias Sagrero
|
0-0: Swinging Strike 0-1: Called Strike 0-2: Foul Ball, location: 2F 0-2: SINGLE (Groundball, 56D, EV 95.6 MPH) Ron Squires scores
|
|
Batting: RHB Eric Camillo
|
0-0: Called Strike Elias Sagrero is caught stealing 2nd base 2-4
|
| Top of the 1st over - 1 run, 2 hits, 0 errors, 0 left on base; Amarillo 1 - Portland 0 |
| BOTTOM OF THE 1ST |
|
Portland Angels batting - Pitching for Amarillo ThunderHeads : RHP Jose Vela
|
|
Pitching: RHP Jose Vela
|
|
|
Batting: RHB Trevor Kingston
|
0-0: Called Strike 0-1: Ball 1-1: Foul Ball, location: 2F 1-2: Strikes out swinging
|
|
Batting: RHB Rory Cobb
|
0-0: Called Strike 0-1: Foul Ball, location: 2F 0-2: Ball 1-2: Ball 2-2: Fly out, F9 (Flyball, 89M, EV 99.4 MPH)
|
|
Batting: LHB Ramon Garduno
|
0-0: Foul Ball, location: 2F 0-1: Ball 1-1: Ball 2-1: Foul Ball, location: 2F 2-2: Strikes out swinging
|
| Bottom of the 1st over - 0 runs, 0 hits, 0 errors, 0 left on base; Amarillo 1 - Portland 0 |
| TOP OF THE 2ND |
|
Amarillo ThunderHeads batting - Pitching for Portland Angels : RHP Jim Sawicki
|
|
Batting: RHB Eric Camillo
|
0-0: Called Strike 0-1: Ball 1-1: Called Strike 1-2: Ground out 4-3 (Groundball, 4M, EV 89.4 MPH)
|
|
Batting: LHB Santino Pisanello
|
0-0: Foul Ball, location: 2F 0-1: Ball 1-1: Ball 2-1: Foul Ball, location: 2F 2-2: Ball 3-2: SINGLE (Groundball, 34D, EV 101.9 MPH)
|
|
Batting: RHB Sam Voss
|
0-0: Ball 1-0: Fly out, F8 (Line Drive, 8RXD, EV 106.9 MPH)
|
|
Batting: RHB Josh Shoemaker
|
0-0: Called Strike Santino Pisanello is caught stealing 2nd base 2-4
|
| Top of the 2nd over - 0 runs, 1 hit, 0 errors, 0 left on base; Amarillo 1 - Portland 0 |
| BOTTOM OF THE 2ND |
|
Portland Angels batting - Pitching for Amarillo ThunderHeads : RHP Jose Vela
|
|
Batting: RHB Dan Myers
|
0-0: Called Strike 0-1: Foul Ball, location: 2F 0-2: Ball 1-2: Ball 2-2: Foul Ball, location: 2F 2-2: Fly out, F8 (Flyball, 8LXD, EV 106.2 MPH)
|
|
Batting: RHB Daniel Molina
|
0-0: Called Strike 0-1: Called Strike 0-2: Strikes out swinging
|
|
Batting: SHB Danny Gelinas
|
0-0: Called Strike 0-1: Ball 1-1: DOUBLE (Flyball, 8RXD, EV 96.9 MPH)
|
|
Batting: RHB Carlos Gonzales
|
0-0: Ground out 3-1 (Groundball, 34, EV 91.9 MPH)
|
| Bottom of the 2nd over - 0 runs, 1 hit, 0 errors, 1 left on base; Amarillo 1 - Portland 0 |
| TOP OF THE 3RD |
|
Amarillo ThunderHeads batting - Pitching for Portland Angels : RHP Jim Sawicki
|
|
Batting: RHB Josh Shoemaker
|
0-0: Ground out U3 (Groundball, 34, EV 103.1 MPH)
|
|
Batting: SHB Tyler Romo
|
0-0: Swinging Strike 0-1: Ball 1-1: Swinging Strike 1-2: Ball 2-2: Strikes out swinging
|
|
Batting: SHB Zack Barton
|
0-0: Ball 1-0: SINGLE (Flyball, 4D, EV 81.9 MPH)
|
|
Batting: RHB Ron Squires
|
0-0: Called Strike 0-1: Swinging Strike 0-2: Ball 1-2: Strikes out looking
|
| Top of the 3rd over - 0 runs, 1 hit, 0 errors, 1 left on base; Amarillo 1 - Portland 0 |
| BOTTOM OF THE 3RD |
|
Portland Angels batting - Pitching for Amarillo ThunderHeads : RHP Jose Vela
|
|
Batting: RHB Sean Rocha
|
0-0: Called Strike 0-1: Swinging Strike 0-2: Strikes out swinging
|
|
Batting: RHB Brendan Garoutte
|
0-0: Swinging Strike 0-1: Ball 1-1: Ball 2-1: Called Strike 2-2: Foul Ball, location: 2F 2-2: Ball 3-2: Foul Ball, location: 2F 3-2: Strikes out looking
|
|
Batting: RHB Trevor Kingston
|
0-0: Ball 1-0: Swinging Strike 1-1: Fly out, F7 (Flyball, 7, EV 86.9 MPH)
|
| Bottom of the 3rd over - 0 runs, 0 hits, 0 errors, 0 left on base; Amarillo 1 - Portland 0 |
| TOP OF THE 4TH |
|
Amarillo ThunderHeads batting - Pitching for Portland Angels : RHP Jim Sawicki
|
|
Batting: RHB Jerry Foster
|
0-0: Ball 1-0: Foul Ball, location: 2F 1-1: Foul Ball, location: 2F 1-2: SOLO HOME RUN (Flyball, 7LD, EV 90.0 MPH), Distance : 335 ft
|
|
Batting: RHB Elias Sagrero
|
0-0: Ball 1-0: Called Strike 1-1: Ball 2-1: Ball 3-1: Foul Ball, location: 2F 3-2: Strikes out swinging
|
|
Batting: RHB Eric Camillo
|
0-0: Ball 1-0: Ball 2-0: Foul Ball, location: 2F 2-1: Ball 3-1: Base on Balls
|
|
Batting: LHB Santino Pisanello
|
0-0: Called Strike 0-1: Ball 1-1: Ball Eric Camillo steals 2nd base 2-1: Swinging Strike 2-2: Foul Ball, location: 2F 2-2: Ball 3-2: Ground out 3-1 (Groundball, 34, EV 90.6 MPH) Eric Camillo to third
|
|
Batting: RHB Sam Voss
|
0-0: Called Strike 0-1: Ground out 6-3 (Groundball, 6, EV 105.0 MPH)
|
| Top of the 4th over - 1 run, 1 hit, 0 errors, 1 left on base; Amarillo 2 - Portland 0 |
| BOTTOM OF THE 4TH |
|
Portland Angels batting - Pitching for Amarillo ThunderHeads : RHP Jose Vela
|
|
Batting: RHB Rory Cobb
|
0-0: Called Strike 0-1: Foul Ball, location: 2F 0-2: Foul Ball, location: 2F 0-2: Foul Ball, location: 2F 0-2: Ball 1-2: Strikes out swinging
|
|
Batting: LHB Ramon Garduno
|
0-0: Foul Ball, location: 2F 0-1: Ball 1-1: Ball 2-1: Ball 3-1: Fly out, F7 (Flyball, 7LS, EV 88.8 MPH)
|
|
Batting: RHB Dan Myers
|
0-0: Fly out, F9 (Flyball, 89M, EV 81.2 MPH)
|
| Bottom of the 4th over - 0 runs, 0 hits, 0 errors, 0 left on base; Amarillo 2 - Portland 0 |
| TOP OF THE 5TH |
|
Amarillo ThunderHeads batting - Pitching for Portland Angels : RHP Jim Sawicki
|
|
Batting: RHB Josh Shoemaker
|
0-0: Ball 1-0: Ball 2-0: Ball 3-0: Foul Ball, location: 2F 3-1: Foul Ball, location: 2F 3-2: Strikes out swinging
|
|
Batting: SHB Tyler Romo
|
0-0: Called Strike 0-1: Ball 1-1: Foul Ball, location: 2F 1-2: Foul Ball, location: 2F 1-2: Ball 2-2: Strikes out swinging
|
|
Batting: SHB Zack Barton
|
0-0: Ball 1-0: SINGLE (Groundball, 4MS, EV 70.6 MPH) (infield hit)
|
|
Pinch Runner at 1st Eddie Reyes:
|
|
|
Batting: RHB Ron Squires
|
0-0: Called Strike 0-1: Called Strike 0-2: Ball 1-2: Strikes out swinging
|
| Top of the 5th over - 0 runs, 1 hit, 0 errors, 1 left on base; Amarillo 2 - Portland 0 |
| BOTTOM OF THE 5TH |
|
Portland Angels batting - Pitching for Amarillo ThunderHeads : RHP Jose Vela
|
|
Now at C: Eddie Reyes
|
|
|
Batting: RHB Daniel Molina
|
0-0: Called Strike 0-1: Ball 1-1: Foul Ball, location: 2F 1-2: Ball 2-2: SINGLE (Flyball, 89S, EV 93.1 MPH)
|
|
Batting: SHB Danny Gelinas
|
0-0: Ball 1-0: Ball 2-0: Foul Ball, location: 2F 2-1: Ball 3-1: Foul Ball, location: 5F, Error on foul ball, E5 3-2: Fly out, F4 (Line Drive, 4MD, EV 68.1 MPH) Lined into DP, 4-3 (Line Drive, 4MD, EV 69.4 MPH)
|
|
Batting: RHB Carlos Gonzales
|
0-0: Fly out, F8 (Line Drive, 78D, EV 93.8 MPH)
|
| Bottom of the 5th over - 0 runs, 1 hit, 1 error, 0 left on base; Amarillo 2 - Portland 0 |
| TOP OF THE 6TH |
|
Amarillo ThunderHeads batting - Pitching for Portland Angels : RHP Jim Sawicki
|
|
Batting: RHB Jerry Foster
|
0-0: Fly out, F8 (Flyball, 8LS, EV 91.2 MPH)
|
|
Batting: RHB Elias Sagrero
|
0-0: Called Strike 0-1: Called Strike 0-2: Ball 1-2: Ball 2-2: Fly out, F6 (Popup, 6, EV 53.8 MPH)
|
|
Batting: RHB Eric Camillo
|
0-0: Ball 1-0: Ball 2-0: Called Strike 2-1: Swinging Strike 2-2: Ground out U3 (Groundball, 3L, EV 88.8 MPH)
|
| Top of the 6th over - 0 runs, 0 hits, 0 errors, 0 left on base; Amarillo 2 - Portland 0 |
| BOTTOM OF THE 6TH |
|
Portland Angels batting - Pitching for Amarillo ThunderHeads : RHP Jose Vela
|
|
Batting: RHB Sean Rocha
|
0-0: Ball 1-0: Foul Ball, location: 2F 1-1: Foul Ball, location: 2F 1-2: Strikes out swinging
|
|
Batting: RHB Brendan Garoutte
|
0-0: Foul Ball, location: 2F 0-1: Ball 1-1: Ground out 4-3 (Groundball, 4S, EV 90.0 MPH)
|
|
Batting: RHB Trevor Kingston
|
0-0: Swinging Strike 0-1: Ball 1-1: Called Strike 1-2: Foul Ball, location: 2F 1-2: Foul Ball, location: 2F 1-2: SOLO HOME RUN (Line Drive, 78XD, EV 98.1 MPH), Distance : 384 ft
|
|
Batting: RHB Rory Cobb
|
0-0: Called Strike 0-1: Ball 1-1: Ball 2-1: Ball 3-1: SINGLE (Groundball, 4MD, EV 101.9 MPH)
|
|
Batting: LHB Ramon Garduno
|
0-0: 2-RUN HOME RUN (Flyball, 89XD, EV 98.1 MPH), Distance : 394 ft
|
|
Batting: RHB Dan Myers
|
0-0: SOLO HOME RUN (Flyball, 7LD, EV 93.1 MPH), Distance : 345 ft
|
|
Batting: RHB Daniel Molina
|
0-0: Ball 1-0: Foul Ball, location: 2F 1-1: Called Strike 1-2: Ball 2-2: Fly out, F3 (Popup, 23F, EV 84.4 MPH)
|
| Bottom of the 6th over - 4 runs, 4 hits, 0 errors, 0 left on base; Amarillo 2 - Portland 4 |
| TOP OF THE 7TH |
|
Amarillo ThunderHeads batting - Pitching for Portland Angels : RHP Jim Sawicki
|
|
Batting: LHB Santino Pisanello
|
0-0: SOLO HOME RUN (Flyball, 89XD, EV 105.6 MPH), Distance : 396 ft
|
|
Batting: RHB Sam Voss
|
0-0: Ball 1-0: DOUBLE (Flyball, 8LXD, EV 99.4 MPH)
|
|
Batting: RHB Josh Shoemaker
|
0-0: Ball 1-0: Foul Ball, location: 2F 1-1: Ground out 5-3 (Groundball, 56, EV 81.9 MPH)
|
|
Pinch Hitting: RHB Eric Juarez
|
0-0: Ball 1-0: Ball 2-0: Ball 3-0: Called Strike 3-1: Swinging Strike 3-2: Fly out, F7 (Line Drive, 7, EV 100.6 MPH)
|
|
Batting: LHB Eddie Reyes
|
0-0: Foul Ball, location: 2F 0-1: Fly out, F6 (Line Drive, 6, EV 67.5 MPH)
|
| Top of the 7th over - 1 run, 2 hits, 0 errors, 1 left on base; Amarillo 3 - Portland 4 |
| BOTTOM OF THE 7TH |
|
Portland Angels batting - Pitching for Amarillo ThunderHeads : RHP Jose Vela
|
|
Now at 2B: Elias Sagrero
|
|
|
Now at SS: Bill Flannery
|
|
|
Batting: SHB Danny Gelinas
|
0-0: Ball 1-0: Ball 2-0: Called Strike 2-1: Foul Ball, location: 2F 2-2: Ball 3-2: Foul Ball, location: 2F 3-2: Foul Ball, location: 2F 3-2: Strikes out looking
|
|
Batting: RHB Carlos Gonzales
|
0-0: Ball 1-0: Called Strike 1-1: Foul Ball, location: 2F 1-2: Strikes out swinging
|
|
Pitching: RHP Ian Wilson
|
|
|
Batting: RHB Sean Rocha
|
0-0: Ground out 6-3 (Groundball, 6D, EV 105.0 MPH)
|
| Bottom of the 7th over - 0 runs, 0 hits, 0 errors, 0 left on base; Amarillo 3 - Portland 4 |
| TOP OF THE 8TH |
|
Amarillo ThunderHeads batting - Pitching for Portland Angels : RHP Jim Sawicki
|
|
Batting: RHB Ron Squires
|
0-0: Called Strike 0-1: SOLO HOME RUN (Flyball, 9D, EV 93.8 MPH), Distance : 348 ft
|
|
Batting: RHB Jerry Foster
|
0-0: Ball 1-0: Swinging Strike 1-1: SOLO HOME RUN (Flyball, 78XD, EV 104.4 MPH), Distance : 394 ft
|
|
Pitching: RHP Javier Carrasco
|
|
|
Batting: RHB Elias Sagrero
|
0-0: Ball 1-0: Ball 2-0: Ball 3-0: Called Strike 3-1: Swinging Strike 3-2: Base on Balls
|
|
Batting: RHB Eric Camillo
|
0-0: Ball 1-0: Called Strike 1-1: SINGLE (Flyball, 78S, EV 93.8 MPH) Elias Sagrero to second
|
|
Batting: LHB Santino Pisanello
|
0-0: Called Strike 0-1: Ball 1-1: Sac Bunt to 25 - play at first, batter OUT! 5-4 Elias Sagrero to third Eric Camillo to second
|
|
Batting: RHB Sam Voss
|
0-0: Called Strike 0-1: Swinging Strike 0-2: Foul Ball, location: 2F 0-2: SINGLE (Groundball, 34D, EV 95.6 MPH) Elias Sagrero scores Eric Camillo to third
|
|
Batting: RHB Josh Shoemaker
|
0-0: Ball Wild Pitch! Eric Camillo scores Sam Voss to second 1-0: Ball 2-0: Ball Wild Pitch! Sam Voss to third 3-0: Called Strike 3-1: Base on Balls
|
|
Batting: RHB Bill Flannery
|
0-0: Swinging Strike 0-1: Ball 1-1: Ball 2-1: Called Strike 2-2: Foul Ball, location: 2F 2-2: Ball 3-2: SINGLE (Groundball, 56D, EV 101.9 MPH) Sam Voss scores Josh Shoemaker to second
|
|
Batting: LHB Eddie Reyes
|
0-0: Ball 1-0: Ball 2-0: Ball 3-0: Called Strike 3-1: Base on Balls Josh Shoemaker to third Bill Flannery to second
|
|
Batting: RHB Ron Squires
|
0-0: Ball 1-0: Ball 2-0: Called Strike 2-1: Ball 3-1: GRAND SLAM HOME RUN (Flyball, 7LD, EV 94.4 MPH), Distance : 337 ft
|
|
Batting: RHB Jerry Foster
|
0-0: Ball 1-0: Ball 2-0: Ball 3-0: Base on Balls
|
|
Batting: RHB Elias Sagrero
|
0-0: Foul Ball, location: 2F 0-1: Called Strike 0-2: Ball 1-2: Foul Ball, location: 2F 1-2: Ball 2-2: Ball 3-2: 2-RUN HOME RUN (Flyball, 7D, EV 96.9 MPH), Distance : 360 ft
|
|
Pitching: RHP Austin Raymond
|
|
|
Batting: RHB Eric Camillo
|
0-0: Ball 1-0: Fly out, F9 (Flyball, 9LS, EV 89.4 MPH)
|
|
Batting: LHB Santino Pisanello
|
0-0: Ball 1-0: Swinging Strike 1-1: Ball 2-1: Ball 3-1: Called Strike 3-2: Foul Ball, location: 2F 3-2: Strikes out looking
|
| Top of the 8th over - 11 runs, 7 hits, 0 errors, 0 left on base; Amarillo 14 - Portland 4 |
| BOTTOM OF THE 8TH |
|
Portland Angels batting - Pitching for Amarillo ThunderHeads : RHP Ian Wilson
|
|
Batting: RHB Brendan Garoutte
|
0-0: Called Strike 0-1: DOUBLE (Flyball, 8LXD, EV 110.6 MPH)
|
|
Batting: RHB Trevor Kingston
|
0-0: Ball 1-0: Ball 2-0: Swinging Strike 2-1: Ball 3-1: Foul Ball, location: 2F 3-2: Foul Ball, location: 2F 3-2: Base on Balls
|
|
Pinch Hitting: LHB Bill Girton
|
0-0: Ball 1-0: Called Strike 1-1: Ball 2-1: Ball 3-1: Called Strike 3-2: Fielders Choice at 2nd, 3-6 (Groundball, 3, EV 76.9 MPH) Brendan Garoutte to third
|
|
Batting: LHB Ramon Garduno
|
0-0: Called Strike 0-1: Ball Wild Pitch! Brendan Garoutte scores Bill Girton to second 1-1: Ball 2-1: Swinging Strike 2-2: Ball Passed Ball! Bill Girton to third 3-2: Strikes out swinging
|
|
Batting: RHB Dan Myers
|
0-0: Called Strike 0-1: Swinging Strike 0-2: Ball 1-2: Foul Ball, location: 2F 1-2: Ball 2-2: Strikes out swinging
|
| Bottom of the 8th over - 1 run, 1 hit, 0 errors, 1 left on base; Amarillo 14 - Portland 5 |
| TOP OF THE 9TH |
|
Amarillo ThunderHeads batting - Pitching for Portland Angels : RHP Austin Raymond
|
|
Now in RF: Bill Girton
|
|
|
Batting: RHB Sam Voss
|
0-0: Ball 1-0: Foul Ball, location: 2F 1-1: SINGLE (Line Drive, 6MD, EV 94.4 MPH)
|
|
Batting: RHB Josh Shoemaker
|
0-0: Ball Passed Ball! Sam Voss to second 1-0: Swinging Strike 1-1: Ball 2-1: Foul Ball, location: 2F 2-2: 2-RUN HOME RUN (Flyball, 7D, EV 95.6 MPH), Distance : 346 ft
|
|
Batting: RHB Bill Flannery
|
0-0: Called Strike 0-1: Ball 1-1: Fly out, F3 (Popup, 34, EV 57.5 MPH)
|
|
Batting: LHB Eddie Reyes
|
0-0: Called Strike 0-1: Foul Ball, location: 2F 0-2: Ball 1-2: Ball 2-2: Ground out 6-3 (Groundball, 6S, EV 81.9 MPH)
|
|
Batting: RHB Ron Squires
|
0-0: Ground out 6-3 (Groundball, 6, EV 91.2 MPH)
|
| Top of the 9th over - 2 runs, 2 hits, 0 errors, 0 left on base; Amarillo 16 - Portland 5 |
| BOTTOM OF THE 9TH |
|
Portland Angels batting - Pitching for Amarillo ThunderHeads : RHP Ian Wilson
|
|
Batting: RHB Daniel Molina
|
0-0: Ball 1-0: Foul Ball, location: 2F 1-1: Fly out, F5 (Line Drive, 56, EV 75.0 MPH)
|
|
Batting: SHB Danny Gelinas
|
0-0: Swinging Strike 0-1: Swinging Strike 0-2: Ball 1-2: Foul Ball, location: 2F 1-2: SOLO HOME RUN (Flyball, 8LXD, EV 100.6 MPH), Distance : 419 ft
|
|
Pinch Hitting: RHB Aaron Bryant
|
0-0: Ball 1-0: Called Strike 1-1: Called Strike 1-2: Strikes out swinging
|
|
Batting: RHB Sean Rocha
|
0-0: Called Strike 0-1: SINGLE (Groundball, 56S, EV 65.6 MPH) (infield hit)
|
|
Batting: RHB Brendan Garoutte
|
0-0: Foul Ball, location: 2F 0-1: Swinging Strike 0-2: Strikes out swinging
|
| Bottom of the 9th over - 1 run, 2 hits, 0 errors, 1 left on base; Amarillo 16 - Portland 6 |
|